[Event "Team 45 45 League T33"]
[Site "Internet Chess Club"]
[Date "2007.05.06"]
[Round "3"]
[White "jayes"]
[Black "gracey"]
[Result "0-1"]
[WhiteElo "1937"]
[BlackElo "2140"]
[ECO "C62"]
[TimeControl "2700+45"]

1. e4 e5 2. Nf3 Nc6 3. Bb5 d6 4. c3 f5 5. d3 fxe4 6. dxe4 Nf6 7. Qd3 Qd7 8. Bg5
Qg4 9. Bxf6 gxf6 10. g3 Bh6 11. Nbd2 Bd7 12. Nh4 O-O-O 13. Qc2 Kb8 14. Be2 Qg5
15. Ndf3 Qg7 16. b4 Be6 17. O-O Ne7 18. c4 Ng6 19. Kh1 Nxh4 20. Nxh4 Qd7 21.
Rfd1 Qc6 22. Kg1 Qb6 23. c5 Qxb4 24. c6 b6 25. Rab1 Qc5 26. Qa4 d5 27. Nf5 Bxf5
28. exf5 e4 29. Rb2 d4 30. Rc2 Qxf5 31. Rxd4 Rxd4 32. Qxd4 Re8 33. Ba6 Qe5 34.
Qa4 Qd5 35. Be2 a5 36. Rc4 e3 37. f4 Rd8 38. Re4 Bf8 39. Qc2 Bc5 40. a4 Qxc6 41.
Qc4 f5 42. Re6 Rd1+ 43. Bf1 e2+ {White resigns} 0-1

[Event "Team 45 45 League T33"]
[Site "Internet Chess Club"]
[Date "2007.05.05"]
[Round "3"]
[White "TheDude"]
[Black "ExiledSaint"]
[Result "0-1"]
[WhiteElo "1810"]
[BlackElo "1793"]
[ECO "C55"]
[TimeControl "2700+45"]

1. e4 e5 2. Bc4 Nf6 3. Nf3 Nc6 4. d4 exd4 5. e5 Ne4 6. Bd5 Nc5 7. O-O Be7 8. Re1
Ne6 9. Nbd2 O-O 10. Nb3 d6 11. Bxc6 bxc6 12. Nbxd4 Nxd4 13. Nxd4 Bb7 14. Qg4
dxe5 15. Nf3 f6 16. Bh6 Rf7 17. Be3 Qd5 18. Red1 Qb5 19. c4 Qb4 20. Rd7 Bc8 21.
Rad1 Bxd7 22. Rxd7 Qxb2 23. h3 Bd6 24. Qe6 Rf8 25. c5 Bxc5 26. Bxc5 Qc1+ 27. Kh2
Qxc5 28. Rxc7 Qd5 29. Qxc6 Qxa2 {White resigns} 0-1

[Event "Team 45 45 League T33"]
[Site "Internet Chess Club"]
[Date "2007.05.06"]
[Round "3"]
[White "RisingMercury"]
[Black "SpikeyJ"]
[Result "1/2-1/2"]
[WhiteElo "1999"]
[BlackElo "2076"]
[ECO "B07"]
[TimeControl "2700+45"]

1. e4 d6 2. d4 Nf6 3. Nc3 g6 4. h3 c6 5. a4 Bg7 6. Nf3 O-O 7. Be3 Qa5 8. Nd2 e5
9. Nc4 Qc7 10. dxe5 dxe5 11. Qd6 Ne8 12. Qxc7 Nxc7 13. Nd6 Rd8 14. Kd1 {Game
drawn by mutual agreement} 1/2-1/2

[Event "Team 45 45 League T33"]
[Site "Internet Chess Club"]
[Date "2007.05.08"]
[Round "3"]
[White "PoisonIvy"]
[Black "SuperMathBoy"]
[Result "0-1"]
[WhiteElo "1821"]
[BlackElo "2054"]
[ECO "A48"]
[TimeControl "2700+45"]

1. d4 Nf6 2. Nf3 g6 3. Bf4 Bg7 4. e3 d6 5. Nc3 O-O 6. Bc4 c5 7. dxc5 dxc5 8. h3
Nc6 9. O-O Bf5 10. Qe2 Ne4 11. Nxe4 Bxe4 12. c3 e5 13. Rfd1 Qe7 14. Bg3 Rad8 15.
Rxd8 Nxd8 16. Rd1 h6 17. Bd5 Bxd5 18. Rxd5 e4 19. Nd2 b6 20. Qg4 Re8 21. Rd7 Qe6
22. Qxe6 Nxe6 23. Rxa7 f5 24. Rb7 Ra8 25. Rb8+ Rxb8 26. Bxb8 b5 27. Nb3 Kf7 28.
Ba7 Bf8 29. Kf1 Ke8 30. Bb8 Kd7 31. Ke2 Kc6 32. Be5 Kd5 33. Bf6 Bd6 34. g3 Bc7
35. h4 h5 36. Nd2 c4 37. Kd1 Nc5 38. b3 Nd3 39. Ke2 Bd6 40. bxc4+ bxc4 41. a4
Nc5 42. a5 Bc7 43. Bd4 Bxa5 44. Bxc5 Kxc5 45. Nb1 Kb5 46. Kd2 Ka4 47. Kc2 Bc7
48. Nd2 Kb5 49. Nb1 Bd6 50. Nd2 Be7 51. f3 exf3 52. Nxf3 Bd6 53. Nd4+ Kc5 54.
Ne6+ Kd5 55. Nf4+ Bxf4 56. exf4 Ke4 57. Kb2 Kd3 {White resigns} 0-1

[Event "Team 45 45 League T33"]
[Site "Internet Chess Club"]
[Date "2007.05.08"]
[Round "3"]
[White "jcdios"]
[Black "forketta"]
[Result "0-1"]
[WhiteElo "1936"]
[BlackElo "1973"]
[ECO "D48"]
[TimeControl "2700+45"]

1. d4 d5 2. c4 c6 3. Nc3 Nf6 4. e3 e6 5. Nf3 Nbd7 6. Bd3 dxc4 7. Bxc4 b5 8. Bd3
a6 9. O-O c5 10. dxc5 Nxc5 11. Bc2 Bb7 12. Qe2 Bd6 13. a3 Qc7 14. h3 Ncd7 15.
Rd1 Rc8 16. Bd2 O-O 17. Rac1 Bxf3 18. gxf3 Qb7 19. Be1 Be7 20. Ne4 Ne5 21. Nxf6+
Bxf6 22. Be4 Qb8 23. Bc3 Rfd8 24. f4 Nd7 25. Ba5 Rxc1 26. Rxc1 Rc8 27. Rd1 Nc5
28. Bb1 g6 29. Be1 Na4 30. b3 Nc5 31. b4 Na4 32. Qf3 Nb2 33. Rd7 Rc1 34. Rb7
Rxe1+ 35. Kh2 Qd8 36. Be4 Qd1 37. Qg3 Kg7 38. f5 exf5 39. Qc7 Kh6 40. Qxf7 fxe4
41. Qxh7+ Kg5 42. h4+ Kf5 43. Qd7+ Qxd7 44. Rxd7 Bxh4 45. Kh3 Bf6 46. Rd5+ Ke6
47. Rc5 Rd1 48. Rc8 Rd6 49. Re8+ Kf5 50. Kg2 Nc4 51. f3 Nxe3+ 52. Kf2 Nd1+ 53.
Ke2 e3 54. Rc8 Kf4 55. Rf8 Nc3+ 56. Ke1 Kxf3 57. Rxf6+ Rxf6 58. a4 Rd6 {White
resigns} 0-1

[Event "Team 45 45 League T33"]
[Site "Internet Chess Club"]
[Date "2007.05.06"]
[Round "3"]
[White "ddlj81"]
[Black "qs16"]
[Result "1-0"]
[WhiteElo "1985"]
[BlackElo "1903"]
[ECO "B92"]
[TimeControl "2700+45"]

1. e4 c5 2. Nf3 d6 3. d4 cxd4 4. Nxd4 Nf6 5. Nc3 a6 6. Be2 e5 7. Nb3 Be7 8. O-O
O-O 9. Kh1 b5 10. Nd5 Nxd5 11. Qxd5 Ra7 12. Be3 Be6 13. Qd1 Rd7 14. a4 b4 15. a5
d5 16. Bb6 Qc8 17. Qd3 dxe4 18. Qxe4 Bd5 19. Qxe5 Bf6 20. Qf5 Re8 21. Bd3 Bxg2+
22. Kxg2 Qc6+ 23. f3 g6 24. Qc5 Qe6 25. Bc4 Qe5 26. Rae1 {Black resigns} 1-0

[Event "Team 45 45 League T33"]
[Site "Internet Chess Club"]
[Date "2007.05.05"]
[Round "3"]
[White "curtintime"]
[Black "g8wrb"]
[Result "1-0"]
[WhiteElo "1341"]
[BlackElo "1343"]
[ECO "C00"]
[TimeControl "2700+45"]

1. e4 e6 2. Nf3 d5 3. exd5 exd5 4. d4 Bd6 5. Nc3 c6 6. Bd3 Ne7 7. O-O O-O 8. Bg5
h6 9. Bd2 Qb6 10. Rb1 Nf5 11. Ne2 Re8 12. Qc1 Ne7 13. Bxh6 gxh6 14. Qxh6 Bf5 15.
Ng5 Bg6 16. Bxg6 Nxg6 17. Qh7+ {Black resigns} 1-0

[Event "Team 45 45 League T33"]
[Site "Internet Chess Club"]
[Date "2007.05.02"]
[Round "3"]
[White "rgadoury"]
[Black "JustinZ"]
[Result "0-1"]
[WhiteElo "1256"]
[BlackElo "1321"]
[ECO "D00"]
[TimeControl "2700+45"]

1. d4 d5 2. g3 e6 3. Bg2 Nf6 4. Bd2 Be7 5. Nf3 O-O 6. O-O b6 7. Bc3 Bb7 8. Nbd2
Nbd7 9. Rb1 c5 10. dxc5 Nxc5 11. b3 Nfe4 12. Nxe4 Nxe4 13. Bb2 Rc8 14. Nd4 Qd7
15. Bxe4 dxe4 16. e3 e5 17. Ne2 Qc6 18. c4 f5 19. Bxe5 Rcd8 20. Qc2 Bd6 21. Bxd6
Rxd6 22. Nd4 Qd7 23. Rfd1 f4 24. Nb5 f3 25. Kh1 Qh3 26. Rg1 Rh6 {White resigns}
0-1

[Event "Team 45 45 League T33"]
[Site "Internet Chess Club"]
[Date "2007.05.04"]
[Round "3"]
[White "DaMelch"]
[Black "squeege"]
[Result "1-0"]
[WhiteElo "1287"]
[BlackElo "1185"]
[ECO "C45"]
[TimeControl "2700+45"]

1. e4 e5 2. Nf3 Nc6 3. d4 exd4 4. Nxd4 Nxd4 5. Qxd4 b6 6. Qe5+ Ne7 7. Bc4 d6 8.
Qf4 d5 9. exd5 Nxd5 10. Qe4+ Be6 11. Bb5+ Ke7 12. O-O Nf6 13. Bg5 h6 14. Bxf6+
gxf6 15. Nc3 Rc8 16. Rad1 Qxd1 17. Rxd1 Rd8 18. Rxd8 Kxd8 19. Qa8+ Ke7 20. Qxa7
Kd6 21. b4 f5 22. Qb8 Bg7 23. Qb7 Bd7 24. Bxd7 Kxd7 25. Nd5 Ke6 26. Nxc7+ Kf6
27. Qxb6+ Kg5 28. g3 Bf6 29. a4 Rd8 30. a5 Rd1+ 31. Kg2 Ra1 32. a6 Bd8 33. Ne6+
fxe6 34. Qxd8+ Kg6 35. Qb6 Kg5 36. a7 Kg4 37. f3+ Kg5 38. Qxe6 h5 39. Qe7+ Kh6
40. Qf8+ Kh7 41. Qxf5+ Kg8 42. Qc8+ Kf7 43. a8=Q {Black resigns} 1-0

[Event "Team 45 45 League T33"]
[Site "Internet Chess Club"]
[Date "2007.05.06"]
[Round "3"]
[White "archae13"]
[Black "slakkjaw"]
[Result "1-0"]
[WhiteElo "1193"]
[BlackElo "1260"]
[ECO "C50"]
[TimeControl "2700+45"]

1. e4 e5 2. Nf3 Nc6 3. Bc4 h6 4. d4 d6 5. Be3 Nf6 6. Nc3 Bg4 7. Qd2 Bxf3 8. gxf3
Be7 9. Nd5 a6 10. Bb3 b6 11. Qc3 Qd7 12. dxe5 dxe5 13. O-O-O O-O 14. Nxf6+ Bxf6
15. Rxd7 Ne7 16. Bxh6 gxh6 17. Rg1+ Kh8 18. Rxe7 Bxe7 19. Qxe5+ f6 20. Qg3 Bd6
21. Qg7# {Black checkmated} 1-0

[Event "Team 45 45 League T33"]
[Site "Internet Chess Club"]
[Date "2007.05.07"]
[Round "3"]
[White "Hastings"]
[Black "Mississippian"]
[Result "0-1"]
[WhiteElo "1323"]
[BlackElo "1451"]
[ECO "C32"]
[TimeControl "2700+45"]

1. e4 e5 2. f4 d5 3. exd5 e4 4. d3 Nf6 5. Nd2 Bf5 6. dxe4 Nxe4 7. Bb5+ c6 8.
dxc6 Nxc6 9. Qe2 Qe7 10. Bd3 Nd6 11. Qxe7+ Bxe7 12. Bxf5 Nxf5 13. Nb3 Nfd4 14.
Nxd4 Nxd4 15. Kd1 Rd8 16. c3 Nb3+ 17. Kc2 Nxa1+ 18. Kb1 Rd1 19. b4 O-O 20. Kb2
Rfd8 21. h4 Rf1 22. Be3 Rdd1 23. Bxa7 Rb1+ 24. Ka3 Nc2+ 25. Ka4 Rxf4 26. Rh2 Rf6
{White resigns} 0-1

[Event "Team 45 45 League T33"]
[Site "Internet Chess Club"]
[Date "2007.02.24"]
[Round "3"]
[White "wekabird"]
[Black "JimGaming"]
[Result "1-0"]
[WhiteElo "1293"]
[BlackElo "1353"]
[ECO "A22"]
[TimeControl "2700+45"]

1. c4 e5 2. Nc3 Nf6 3. d3 Bb4 4. a3 Bxc3+ 5. bxc3 O-O 6. g3 c5 7. Bg2 Nc6 8. e4
d6 9. h3 Be6 10. Nf3 Qa5 11. Bd2 b5 12. O-O bxc4 13. dxc4 Bxc4 14. Re1 Rab8 15.
Bg5 Qd8 16. Rb1 Qe7 17. Nh4 Qe6 18. Nf5 Ne8 19. Rxb8 Nxb8 20. Be7 Nd7 21. Bxf8
Nxf8 22. Bf3 g6 23. Ne3 Bb3 24. Qb1 c4 25. Bg4 Qf6 26. Nd5 Qg5 27. Re2 Kg7 28.
Qf1 Ne6 29. Bxe6 fxe6 30. Ne3 Qd8 31. Qg2 Qa5 32. Qf3 Qxa3 33. Ng4 Bd1 34. Qe3
Bxe2 35. Qxe2 Qxc3 36. Qa2 Qe1+ 37. Kh2 Qxe4 38. Qxa7+ Kg8 39. Qe7 Qf3 40. Qxe8+
Qf8 41. Qxe6+ Qf7 42. Nh6+ {Black resigns} 1-0

[Event "Team 45 45 League T33"]
[Site "Internet Chess Club"]
[Date "2007.05.05"]
[Round "3"]
[White "therookery"]
[Black "Riddari"]
[Result "1-0"]
[WhiteElo "1285"]
[BlackElo "1300"]
[ECO "B95"]
[TimeControl "2700+45"]

1. e4 c5 2. Nf3 d6 3. d4 cxd4 4. Nxd4 Nf6 5. Nc3 a6 6. Bg5 e6 7. Be2 Be7 8. Qd2
Nbd7 9. O-O b5 10. Nc6 Qc7 11. Nxe7 Kxe7 12. b4 Re8 13. Bxf6+ Nxf6 14. Rac1 Bb7
15. Bf3 Kf8 16. Rfe1 Rac8 17. Re3 Red8 18. Rd3 Rd7 19. e5 Ne8 20. Bxb7 Qxb7 21.
exd6 Qc6 22. Ne2 Nxd6 23. Nd4 Qc7 24. Qf4 Re8 25. Qg4 Nc4 26. Rg3 g6 27. Nb3
Red8 28. Nc5 Rd4 29. Qf3 Qd6 30. Re1 Qf4 31. Qxf4 Rxf4 32. Rd3 Rfd4 33. Red1 e5
34. Rxd4 Rxd4 35. Rxd4 exd4 36. Nb3 Ke7 37. Kf1 Ke6 38. Nxd4+ Kd5 39. Ne2 a5 40.
Nc3+ Kc6 41. bxa5 Nxa5 42. a4 b4 43. Ne4 f5 44. Nf6 h6 45. Ke2 Nc4 46. Ng8 h5
47. Ne7+ Kb6 48. Nxg6 Ka5 49. Nf4 Kxa4 50. Nxh5 Na3 51. Ng7 Nxc2 52. Nxf5 b3 53.
Kd2 Ka3 54. Nd6 Nd4 55. Nc4+ Ka2 56. Kd3 Nc6 57. Kc3 Na5 58. Nb2 Nb7 59. h4 Nd6
60. Nd1 Ne4+ 61. Kd4 Nxf2 62. Nxf2 b2 63. Nd1 b1=Q 64. Nc3+ Kb2 65. Nxb1 {Black
resigns} 1-0

[Event "Team 45 45 League T33"]
[Site "Internet Chess Club"]
[Date "2007.05.07"]
[Round "3"]
[White "Russ"]
[Black "Cataclysm"]
[Result "1-0"]
[WhiteElo "1266"]
[BlackElo "1251"]
[ECO "A51"]
[TimeControl "2700+45"]

1. d4 Nf6 2. c4 e5 3. Bg5 exd4 4. Qxd4 Be7 5. Nf3 Nc6 6. Qd1 O-O 7. e3 d6 8. Be2
Bf5 9. Nc3 Nb4 10. Nd4 Qd7 11. a3 Nd3+ 12. Bxd3 Bxd3 13. Qxd3 Qg4 14. O-O Qxg5
15. Ne4 Nxe4 16. Qxe4 c6 17. Nf3 Qf6 18. Rfd1 Qxb2 19. Qxe7 Rad8 20. Qe4 Rfe8
21. Qb1 Qxb1 22. Raxb1 b6 23. Nd4 Rc8 24. Nf5 Re5 25. Nxd6 Rd8 26. Nb5 Rxd1+ 27.
Rxd1 h6 28. Nxa7 Rc5 29. Rd8+ Kh7 30. Rc8 Rxc4 31. Rxc6 Ra4 32. Nb5 Ra6 33. e4
Ra4 34. f3 f6 35. h4 Ra8 36. Rxb6 Rc8 37. h5 Rc5 38. g4 Rc2 39. Kf1 Rb2 40. f4
Rh2 41. e5 fxe5 42. fxe5 Rh4 43. e6 Rxg4 44. Nc7 Re4 45. a4 g6 46. a5 gxh5 47.
a6 Kg7 48. a7 Ra4 49. Ra6 Rf4+ 50. Ke2 Rf8 51. a8=Q Rxa8 52. Rxa8 h4 53. e7
{Black forfeits on time} 1-0

[Event "Team 45 45 League T33"]
[Site "Internet Chess Club"]
[Date "2007.05.04"]
[Round "3"]
[White "Mutaant"]
[Black "SeniorCitizen"]
[Result "1-0"]
[WhiteElo "1461"]
[BlackElo "1282"]
[ECO "C00"]
[TimeControl "2700+45"]

1. e4 e6 2. Nf3 d5 3. Nc3 dxe4 4. Nxe4 Nf6 5. Ng3 g6 6. Bc4 Bg7 7. d4 O-O 8. Bg5
Qd6 9. O-O Nbd7 10. Qe2 Nb6 11. Bb3 Bd7 12. c3 c5 13. Bxf6 Bxf6 14. Ne4 Qe7 15.
Nxc5 Nd5 16. Bxd5 exd5 17. Qxe7 Bxe7 18. Nxd7 {Black resigns} 1-0

[Event "Team 45 45 League T33"]
[Site "Internet Chess Club"]
[Date "2007.05.07"]
[Round "3"]
[White "carolinaknight"]
[Black "seldredg"]
[Result "0-1"]
[WhiteElo "1222"]
[BlackElo "1401"]
[ECO "B01"]
[TimeControl "2700+45"]

1. e4 d5 2. Nf3 dxe4 3. Ng5 Nf6 4. Nc3 Bg4 5. f3 exf3 6. gxf3 Bf5 7. Bc4 e6 8.
d4 Bb4 9. Bd2 c6 10. a3 Bd6 11. Nce4 Bc7 12. c3 b5 13. Bb3 a5 14. Ba2 a4 15. Nc5
Nd5 16. Qe2 O-O 17. Bb1 Nf4 18. Bxf4 Bxf4 19. Nge4 Re8 20. Rg1 Qh4+ 21. Kd1 e5
22. Nd6 Bxb1 23. Nxe8 Bg6 24. dxe5 Qe7 25. Nf6+ Kh8 26. Qg2 Qxc5 27. Nxh7 Qd5+
28. Ke2 Qxe5+ 29. Kd1 Qd6+ 30. Ke1 Qe7+ 31. Kd1 Nd7 32. Qg4 Qd6+ 33. Ke1 Re8+
34. Kf1 Kxh7 35. Qh3+ Bh6 {White resigns} 0-1

[Event "Team 45 45 League T33"]
[Site "Internet Chess Club"]
[Date "2007.05.06"]
[Round "3"]
[White "thalamus"]
[Black "ADIOKiddo4Ever"]
[Result "1-0"]
[WhiteElo "1344"]
[BlackElo "1307"]
[ECO "B01"]
[TimeControl "2700+45"]

1. e4 d5 2. exd5 Qxd5 3. Nc3 Qa5 4. d4 Nf6 5. Nf3 Bf5 6. Ne5 Nbd7 7. Nc4 Qa6 8.
Ne3 Qe6 9. Bc4 Qc6 10. Qf3 Qxf3 11. gxf3 e6 12. Nxf5 exf5 13. Bf4 Bd6 14. Bd2
O-O 15. O-O-O c6 16. a3 b5 17. Bd3 a5 18. Bxf5 b4 19. Na2 bxa3 20. b3 a4 21. b4
Rfb8 22. h4 g6 23. Rhg1 Nb6 24. Bd3 Nbd5 25. c3 Bf4 26. Kb1 Bxd2 27. Rxd2 Nxc3+
28. Nxc3 Rxb4+ 29. Ka1 Rxd4 30. Rb1 Rxh4 31. Be2 h5 32. Rd6 Ne8 33. Rxc6 Rh2 34.
Ne4 Rg2 35. Ka2 h4 36. f4 h3 37. Bf3 Rh2 38. Kxa3 Ng7 39. Nf6+ Kf8 40. Ng4 Rxf2
41. Nxf2 h2 42. Rc7 Rd8 43. Rd1 Re8 44. Ng4 Ne6 45. Rc4 {Black resigns} 1-0

[Event "Team 45 45 League T33"]
[Site "Internet Chess Club"]
[Date "2007.05.04"]
[Round "3"]
[White "furrbrain"]
[Black "gilalva"]
[Result "0-1"]
[WhiteElo "1164"]
[BlackElo "1289"]
[ECO "C44"]
[TimeControl "2700+45"]

1. e4 e5 2. Nf3 Nc6 3. d4 d5 4. Nc3 Bb4 5. dxe5 dxe4 6. Qxd8+ Nxd8 7. Ng5 Nh6 8.
Nxe4 Ng4 9. Bf4 Nc6 10. e6 Bxc3+ 11. Nxc3 Bxe6 12. Bxc7 O-O 13. Be2 Rfe8 14. O-O
b6 15. b3 Bf5 16. Nd5 Rxe2 17. Rad1 Rxc2 18. h3 Nge5 19. Rfe1 f6 20. Ne3 Nb4 21.
Nxf5 Rxc7 22. Rd6 Re8 23. Red1 Nf7 24. R6d4 Nc2 25. Rg4 Re1+ 26. Rxe1 Nxe1 27.
Rxg7+ Kf8 28. Rxh7 Rc1 29. Kh2 Ng5 30. Rh8+ Kf7 31. Nh6+ Kg7 {White resigns} 0-1

[Event "Team 45 45 League T33"]
[Site "Internet Chess Club"]
[Date "2007.05.06"]
[Round "3"]
[White "BeginnerBoy"]
[Black "fuzzface"]
[Result "1-0"]
[WhiteElo "1479"]
[BlackElo "1280"]
[ECO "B54"]
[TimeControl "2700+45"]

1. e4 c5 2. Nf3 d6 3. d4 cxd4 4. Nxd4 Nc6 5. Nc3 e6 6. Be3 a6 7. f4 e5 8. Nxc6
bxc6 9. fxe5 dxe5 10. Qxd8+ Kxd8 11. O-O-O+ Bd7 12. Na4 Nf6 13. Nb6 Rb8 14. Bxa6
c5 15. Nxd7 Nxd7 16. Bc4 Ke7 17. Rd5 Ke8 18. Rhd1 Rb7 19. Kb1 Be7 20. g4 Nb6 21.
Bb5+ Kf8 22. Rd8+ Bxd8 23. Bxc5+ Re7 24. Rxd8# {Black checkmated} 1-0

[Event "Team 45 45 League T33"]
[Site "Internet Chess Club"]
[Date "2007.05.05"]
[Round "3"]
[White "klt713"]
[Black "BosqueVerde"]
[Result "1-0"]
[WhiteElo "1318"]
[BlackElo "1200"]
[ECO "D15"]
[TimeControl "2700+45"]

1. d4 d5 2. c4 c6 3. Nc3 Nf6 4. Nf3 Nbd7 5. Bd2 dxc4 6. e4 Qc7 7. Bxc4 b5 8. Bd3
e5 9. Rc1 a6 10. O-O exd4 11. Nxd4 Bc5 12. Be3 Ne5 13. Bc2 O-O 14. Nce2 Bg4 15.
Qd2 Rfe8 16. Ng3 Rad8 17. Qc3 Nc4 18. Rfe1 Bb6 19. h3 c5 20. Ndf5 Bxf5 21. Nxf5
Nxe3 22. Rxe3 c4 23. Rg3 b4 24. Rxg7+ Kh8 25. Qxf6 Bxf2+ 26. Kxf2 Qf4+ 27. Kg1
Qxc1+ 28. Kh2 Qxc2 29. Rg3# {Black checkmated} 1-0

[Event "Team 45 45 League T33"]
[Site "Internet Chess Club"]
[Date "2007.05.06"]
[Round "3"]
[White "Prop"]
[Black "ffplayer"]
[Result "1-0"]
[WhiteElo "1214"]
[BlackElo "1114"]
[ECO "C55"]
[TimeControl "2700+45"]

1. e4 e5 2. Nf3 Nc6 3. Bc4 Nf6 4. d3 Bb4+ 5. c3 Ba5 6. O-O Ne7 7. Ng5 O-O 8. Qb3
d5 9. exd5 Nexd5 10. Re1 Re8 11. Be3 c6 12. a4 Bc7 13. d4 e4 14. Nd2 h6 15.
Ndxe4 Nxe4 16. Nxe4 Rxe4 17. Bd3 Re8 18. c4 Nxe3 19. Rxe3 Rxe3 20. fxe3 Qd6 21.
g3 b6 22. c5 bxc5 23. Rf1 Qd5 24. Bc4 Rb8 25. Bxd5 Rxb3 26. Bxb3 Be6 27. Bxe6
fxe6 28. dxc5 g5 29. Rf6 e5 30. Rxc6 Ba5 31. Rxh6 Kg7 32. Ra6 Bd2 33. e4 Be3+
34. Kg2 Bxc5 35. b3 Bb6 36. a5 Bd4 37. b4 Kf7 38. h4 gxh4 39. gxh4 Kg7 40. Kh3
Kh7 41. Kg4 Kg7 42. h5 Kh7 43. b5 Kg7 44. b6 axb6 45. axb6 {Black resigns} 1-0

[Event "Team 45 45 League T33"]
[Site "Internet Chess Club"]
[Date "2007.05.05"]
[Round "3"]
[White "DayDream01"]
[Black "jocooper"]
[Result "1/2-1/2"]
[WhiteElo "1093"]
[BlackElo "1117"]
[ECO "A48"]
[TimeControl "2700+45"]

1. d4 Nf6 2. Nf3 g6 3. Nc3 Bg7 4. e4 d6 5. Bd3 O-O 6. O-O Nbd7 7. Be3 Ng4 8. Re1
b6 9. Ng5 Ndf6 10. h3 Nxe3 11. Rxe3 Bb7 12. Nf3 Nh5 13. Ne2 Bxd4 14. Nexd4 e5
15. Ne2 d5 16. Ng3 d4 17. Re1 Re8 18. Nxh5 gxh5 19. c3 c5 20. Nd2 a6 21. Qxh5
Kh8 22. Nc4 Qf6 23. a3 Rg8 24. f3 Rg5 25. Qh4 Rag8 26. g4 Qxf3 27. Nd6 Qxd3 28.
Nxf7+ Kg7 29. Nxg5 h6 30. Ne6+ Kh7 31. Qe7+ Kh8 32. Qxb7 Qg3+ 33. Kf1 Qf3+ 34.
Kg1 Qg3+ {Game drawn by mutual agreement} 1/2-1/2

[Event "Team 45 45 League T33"]
[Site "Internet Chess Club"]
[Date "2007.05.02"]
[Round "3"]
[White "b-spot"]
[Black "bmw2002"]
[Result "0-1"]
[WhiteElo "1684"]
[BlackElo "1666"]
[ECO "E94"]
[TimeControl "2700+45"]

1. d4 Nf6 2. c4 g6 3. Nc3 Bg7 4. e4 d6 5. Nf3 O-O 6. Be2 e5 7. O-O Qe8 8. Re1
Nc6 9. d5 Ne7 10. b4 Bd7 11. c5 b6 12. c6 Bxc6 13. dxc6 Qxc6 14. Bb2 Nxe4 15.
Nxe4 Qxe4 16. a3 a5 17. Bd3 Qb7 18. Be4 c6 19. Qxd6 Rad8 20. Qxd8 Rxd8 21. Bxe5
f5 22. Bc2 axb4 23. Bb3+ Kh8 24. Bxg7+ Kxg7 25. Ng5 Rd6 26. axb4 Nd5 27. Ra4 h6
28. Rea1 Kf6 29. Ra7 Qxa7 30. Rxa7 Kxg5 31. g3 Nxb4 32. h4+ Kf6 33. Rf7+ Ke5 34.
Re7+ Kf6 35. Rf7+ Ke5 36. Re7+ Kd4 37. Re3 b5 38. Kf1 c5 39. Bf7 c4 40. Re1 Nd3
41. Rb1 b4 42. Ke2 Ne5 43. Bg8 Kc3 44. f4 Rd2+ 45. Kf1 Nd3 46. Bf7 b3 47. Bxg6
b2 48. Bxf5 Rc2 49. Rxb2 Rxb2 50. Bg6 Kd2 51. Be8 c3 52. Ba4 Nc5 53. f5 Nxa4
{White resigns} 0-1

[Event "Team 45 45 League T33"]
[Site "Internet Chess Club"]
[Date "2007.05.02"]
[Round "3"]
[White "Sean"]
[Black "tammany"]
[Result "1-0"]
[WhiteElo "1633"]
[BlackElo "1671"]
[ECO "A09"]
[TimeControl "2700+45"]

1. Nf3 d5 2. c4 d4 3. g3 Nf6 4. Bg2 g6 5. O-O Bg7 6. d3 O-O 7. e3 c5 8. Re1 Nc6
9. exd4 cxd4 10. h3 Re8 11. Nbd2 Bf5 12. Nb3 e5 13. Ng5 h6 14. Ne4 Nxe4 15. dxe4
Be6 16. Bf1 b6 17. Nd2 Qd7 18. Kh2 Rad8 19. a3 f5 20. f3 Rf8 21. b4 fxe4 22.
Nxe4 Qf7 23. Bg2 Bxc4 24. Bd2 Bd5 25. Rf1 Bxe4 26. fxe4 Qe6 27. Rc1 Rxf1 28.
Qxf1 Rf8 29. Qb5 Qa2 30. Qd5+ Qxd5 31. exd5 Ne7 32. d6 Nc8 33. d7 Ne7 34. Bb7
Kf7 35. Rc8 Nxc8 36. dxc8=Q Rxc8 37. Bxc8 e4 38. Ba6 Ke6 39. Kg2 Kd5 40. Be2 e3
41. Be1 Ke4 42. Bf3+ Kd3 43. Kf1 Kc2 44. Ke2 Be5 45. Be4+ Kb3 46. Bxg6 Kxa3 47.
Bd3 Bd6 48. b5 Bb4 49. Bxb4+ Kxb4 50. g4 Kc5 51. Kf3 Kd6 52. Ke4 Ke6 53. Kxd4
Kf6 54. Kxe3 Kg5 55. Kf3 h5 56. gxh5 Kxh5 57. Kg3 Kg5 58. h4+ Kh6 59. Kg4 Kg7
60. Kg5 Kh8 61. Kg6 Kg8 62. h5 Kh8 63. h6 Kg8 64. Kf6 Kh8 65. Ke6 Kg8 66. Kd6
{Black resigns} 1-0

[Event "Team 45 45 League T33"]
[Site "Internet Chess Club"]
[Date "2007.05.04"]
[Round "3"]
[White "dougmo"]
[Black "allanchs"]
[Result "0-1"]
[WhiteElo "1517"]
[BlackElo "1617"]
[ECO "C44"]
[TimeControl "2700+45"]

1. e4 e5 2. Nf3 Nc6 3. d4 exd4 4. Bc4 Qf6 5. Bg5 Qg6 6. O-O Be7 7. Bxe7 Ngxe7 8.
e5 O-O 9. Bd3 Qh5 10. Re1 d6 11. exd6 cxd6 12. Be2 Qc5 13. c3 dxc3 14. Nxc3 Bf5
15. Rc1 Qb4 16. b3 Rad8 17. Bc4 Qa5 18. Qd2 d5 19. Bd3 Bxd3 20. Qxd3 d4 21. Ne4
Rd5 22. Re2 Qd8 23. Neg5 Ng6 24. Ne4 Nf4 25. Qb1 Nxe2+ {White resigns} 0-1

[Event "Team 45 45 League T33"]
[Site "Internet Chess Club"]
[Date "2007.05.04"]
[Round "3"]
[White "calily"]
[Black "HKNIGHT"]
[Result "1/2-1/2"]
[WhiteElo "1735"]
[BlackElo "1669"]
[ECO "D45"]
[TimeControl "2700+45"]

1. d4 c6 2. c4 d5 3. e3 Nf6 4. Nc3 e6 5. Nf3 Be7 6. Bd3 b6 7. O-O Nbd7 8. a3 Bb7
9. cxd5 cxd5 10. Bd2 a6 11. b4 O-O 12. Qb3 Ne8 13. Rfc1 Nd6 14. Ne2 b5 15. a4
Nc4 16. Ng3 Bd6 17. axb5 axb5 18. Bc3 Re8 19. Rxa8 Bxa8 20. Ra1 Bxg3 21. hxg3 e5
22. Bf5 g6 23. Bxd7 Qxd7 24. Nxe5 Nxe5 25. dxe5 Rc8 26. Bd4 Qc6 27. Qc3 Qc4 28.
Qxc4 dxc4 29. Bc5 Be4 30. Bd4 c3 31. Rc1 c2 32. f3 Bd5 33. Kf2 Bb3 34. Ke1 h5
35. Kd2 Kh7 36. f4 Kh6 37. Kd3 Ba4 38. Bc5 Rd8+ 39. Bd4 Rc8 40. Bc5 Rd8+ {Game
drawn by mutual agreement} 1/2-1/2

[Event "Team 45 45 League T33"]
[Site "Internet Chess Club"]
[Date "2007.05.04"]
[Round "3"]
[White "Dagambiter"]
[Black "arriero55"]
[Result "0-1"]
[WhiteElo "1503"]
[BlackElo "1581"]
[ECO "E91"]
[TimeControl "2700+45"]

1. d4 g6 2. c4 Bg7 3. e4 d6 4. Nf3 Nf6 5. Nc3 O-O 6. Be2 Nbd7 7. Be3 e5 8. d5 a6
9. b4 c6 10. O-O Ng4 11. Bc1 cxd5 12. cxd5 f5 13. h3 Nh6 14. Ng5 Nf6 15. Qc2 f4
16. a4 Nf7 17. Ne6 Bxe6 18. dxe6 Ng5 19. Bc4 Qe7 20. Nd5 Nxd5 21. Bxd5 Rac8 22.
Qb3 Rfe8 23. h4 Nxe6 24. Bxe6+ Qxe6 25. Qxe6+ Rxe6 26. f3 Bf6 27. g3 fxg3 28.
Kg2 Bxh4 29. Kh3 g5 30. Kg4 h6 31. Be3 Kg7 32. Rac1 Ree8 33. Kf5 Kf7 34. Rfd1
Ke7 35. Kg4 Kd7 36. a5 Rxc1 37. Rxc1 Rc8 38. Kh5 Rxc1 39. Bxc1 Kc6 40. Bd2 Kb5
41. Kxh6 Kc4 42. Kh5 Kd3 {White resigns} 0-1

[Event "Team 45 45 League T33"]
[Site "Internet Chess Club"]
[Date "2007.05.09"]
[Round "3"]
[White "egd01"]
[Black "kingphisch"]
[Result "1-0"]
[WhiteElo "1600"]
[BlackElo "1499"]
[ECO "B10"]
[TimeControl "2700+45"]

1. e4 c6 2. b3 d5 3. Nc3 dxe4 4. Nxe4 Bf5 5. Ng3 Bg6 6. Bb2 Nf6 7. Nf3 e6 8. Nh4
Nbd7 9. Nxg6 hxg6 10. Qf3 Bd6 11. h3 Ne5 12. Qe2 Qc7 13. Ne4 Nxe4 14. Qxe4 f5
15. Qe2 O-O-O 16. f4 Ng4 17. g3 Rde8 18. Bg2 e5 19. hxg4 Rxh1+ 20. Bxh1 Qd7 21.
fxe5 Bxe5 22. Bxe5 Qe6 23. d4 fxg4 24. O-O-O c5 25. Qb5 b6 26. Qa6+ Kd8 27. Qb7
{Black resigns} 1-0

[Event "Team 45 45 League T33"]
[Site "Internet Chess Club"]
[Date "2007.05.07"]
[Round "3"]
[White "twintower"]
[Black "kublai"]
[Result "1-0"]
[WhiteElo "1613"]
[BlackElo "1212"]
[ECO "C42"]
[TimeControl "2700+45"]

1. e4 e5 2. Nf3 Nf6 3. d3 Nc6 4. Be2 h6 5. Nc3 Bb4 6. Bd2 O-O 7. O-O a6 8. a3
Ba5 9. b4 Bb6 10. Nd5 Nxd5 11. exd5 Ne7 12. c4 d6 13. Qb3 Bg4 14. Rac1 c5 15.
bxc5 dxc5 16. Rfe1 Rb8 17. Nxe5 Bxe2 18. Rxe2 Nf5 19. Nf3 Ba5 20. Bf4 Nd6 21.
Re5 Qf6 22. Bg3 b5 23. Qc2 Rfe8 24. Qe2 Rxe5 25. Qxe5 Qxe5 26. Nxe5 Nf5 27. Nc6
Nxg3 28. hxg3 Bd2 29. Rd1 {Black resigns} 1-0